 Dungeon Crawl Stone Soup version 0.30-a0-634-g8abc85282e (webtiles) character file.

Game seed: 3725084715468320766

942 Leeroy the Carver (level 8, -2/44 HPs)
             Began as a Tengu Warper on Jan 14, 2023.
             Slain by Menkaure (16 damage)
             ... on level 5 of the Dungeon.
             The game lasted 00:06:05 (4729 turns).

Leeroy the Carver (Tengu Warper)                    Turns: 4729, Time: 00:06:05

Health: -2/44      AC:  7    Str: 11    XL:     8   Next: 12%
Magic:  12/12      EV: 13    Int: 15    God:
Gold:   170        SH:  0    Dex: 15    Spells: 3/11 levels left

rFire   . . .      SeeInvis .    o - +0 long sword
rCold   . . .      Faith    .    (no shield)
rNeg    . . .      Spirit   .    t - +0 ring mail
rPois   .          Reflect  .    (helmet restricted)
rElec   .          Harm     .    (no cloak)
rCorr   .          Rampage  .    m - +0 pair of gloves
Will    .....                    (boots unavailable)
Stlth   +                        (no amulet)
HPRegen 0.27/turn                (no ring)
MPRegen 0.13/turn                (no ring)

@: flying quickly and evasively, quick
A: beak, talons 3, nimble flight
a: no special abilities


You were on level 5 of the Dungeon.
You visited 1 branch of the dungeon, and saw 5 of its levels.
You also visited: Ossuary.

You collected 170 gold pieces.

Inventory:

Hand Weapons
 a - a +0 falchion
 g - a +0 dagger of draining
 o - a +0 long sword (weapon)
 p - a +0 club
Missiles
 d - 7 boomerangs of dispersal
 v - a throwing net
 w - 5 poisoned darts (quivered)
 D - 6 boomerangs
Armour
 b - a +0 leather armour
 m - a +0 pair of gloves (worn)
 t - a +0 ring mail (worn)
Jewellery
 C - a ring of fire
Wands
 q - a wand of flame (12)
 x - a wand of roots (20)
Scrolls
 c - a scroll of enchant armour {unknown}
 e - 10 scrolls of identify {unknown}
 h - 2 scrolls of magic mapping {unknown}
 k - 4 scrolls of acquirement {unknown}
 l - a scroll of poison {unknown}
 n - 2 scrolls of vulnerability {unknown}
 r - 2 scrolls of amnesia {unknown}
 y - 2 scrolls of teleportation {unknown}
 z - 7 scrolls of noise
 A - 3 scrolls of enchant weapon {unknown}
 B - 2 scrolls of blinking
 F - a scroll of fear {unknown}
Potions
 f - 4 potions of curing
 i - a potion of brilliance {unknown}
 j - 9 potions of degeneration
 s - 2 potions of flight {unknown}
 u - a potion of lignification {unknown}
 E - a potion of ambrosia {unknown}
 G - a potion of berserk rage {unknown}
 H - 2 potions of mutation {unknown}
 I - 2 potions of haste {unknown}
 J - a potion of heal wounds {unknown}


   Skills:
 - Level 2.0 Fighting
 - Level 8.0 Long Blades
 - Level 0.1 Axes
 - Level 0.1(0.2) Polearms
 - Level 1.0 Throwing
 - Level 4.8 Armour
 - Level 2.1 Dodging
 - Level 0.3 Shields
 + Level 2.3 Spellcasting
 - Level 0.1 Conjurations
 - Level 0.1 Summonings
 - Level 2.4 Translocations
 - Level 0.2 Fire Magic
 - Level 0.1 Poison Magic
 - Level 0.1 Invocations
 - Level 2.4 Evocations


You had 3 spell levels left.
You knew the following spells:

 Your Spells              Type           Power      Damage    Failure   Level
a - Blink                 Tloc           16%        N/A       26%         2
b - Vhi's Electric Charg  Tloc/Air       10%        N/A       65%         3
c - Teleport Other        Tloc           8%         N/A       47%         3

Your spell library contained the following spells:

 Spells                   Type           Power      Damage    Failure   Level
 Lesser Beckoning         Tloc           16%        N/A       47%         3
 Sublimation of Blood     Necr           2%         N/A       56%         2
 Wereblood                Tmut           1%         N/A       56%         2
 Frozen Ramparts          Ice            2%         1d1       80%         3
 Manifold Assault         Tloc           8%         N/A       87%         4
 Ice Form                 Ice/Tmut       1%         N/A       99%         4
 Summon Ice Beast         Ice/Summ       1%         N/A       99%         4
 Summon Hydra             Summ           1%         N/A       100%        7


Dungeon Overview and Level Annotations

Branches:
Dungeon (5/15)            Ossuary (visited)
 Temple: D:4-7

Altars:
Makhleb
Zin

Annotations:
D:5 Menkaure


Innate Abilities, Weirdness & Mutations

You have a beak for a mouth.
You have claws for feet.
Your magical nature lets you fly swiftly and evasively.


Message History

Welcome back to the Dungeon!
There is a collapsed entrance here.
There is an open door here.
Found a ring mail.
Menkaure, Prince of Dust comes into view.
Menkaure shouts!
Menkaure is nearby!
Menkaure is nearby!
Menkaure casts a spell.
Menkaure seems to speed up.
You reach down and open the door.
A quokka comes into view.
Menkaure calls on the powers of darkness!
Your body is wracked with pain!
The quokka convulses!
Found a dagger.
A hound comes into view.
The hound barks!
There is an open door here.
The hound bites you.
You barely miss the hound. You claw the hound! You peck the hound.
The hound is severely wounded.
The hound bites you but does no damage.
You slash the hound!
You kill the hound!
You hit Menkaure. You claw Menkaure.
Menkaure is moderately damaged.
Menkaure hits you!
* * * LOW HITPOINT WARNING * * *
You hit Menkaure. You peck Menkaure.
Menkaure is heavily damaged.
The quokka bites you but does no damage.
Menkaure barely misses you.
The quokka bites you but does no damage.
It was a potion of curing.
You feel better. Menkaure barely misses you. The quokka misses you.
You completely miss Menkaure.
Menkaure is heavily damaged.
Menkaure closely misses you. The quokka completely misses you.
Menkaure hits you!
You die...

######### # #.......#
###.......############
..#.......##.........#.
..#.......##...........
..#................r...
..####..#.#####r###+#...
...........# #..@M......
#.##........##..........
#.##[...##..##..........
[.##...............)....
#.###...#.......###.....
#.. ............# .##..
### #...........# # .
#........... .#.#..#


You could see Menkaure (fast) and a quokka.

Vanquished Creatures
  Edmund (D:5)
  An ice beast (D:4)
  2 phantoms
  A necrophage (D:5)
  A scorpion (D:3)
  A gnoll bouda (D:3)
  A jelly (D:3)
  2 hounds (D:5)
  2 iguanas
  Natasha (thrice) (D:3)
  Terence (D:3)
  4 mummies (Ossuary)
  4 gnolls
  3 adders
  2 worms (D:3)
  4 dart slugs
  4 bats
  4 endoplasms (D:3)
  3 giant cockroaches
  3 goblins
  6 hobgoblins
  4 jackals (D:3)
  7 kobolds
  3 quokkas
  4 ball pythons
  4 frilled lizards
  A gnoll zombie (Ossuary)
  2 goblin zombies (Ossuary)
  A hobgoblin zombie (Ossuary)
  2 kobold zombies (Ossuary)
  2 orc zombies (Ossuary)
  2 rats (D:1)
85 creatures vanquished.

Notes
Turn   | Place    | Note
-------+----------+-------------------------------------------
     0 | D:1      | Leeroy the Tengu Warper began the quest for the Orb.
     0 | D:1      | Reached XP level 1. HP: 12/12 MP: 4/4
   101 | D:1      | Reached XP level 2. HP: 17/17 MP: 6/6
   103 | D:1      | Reached skill level 3 in Long Blades
  1144 | D:2      | Reached XP level 3. HP: 20/21 MP: 7/7
  1297 | D:2      | Learned a level 2 spell: Blink
  1301 | D:2      | Learned a level 3 spell: Vhi's Electric Charge
  1332 | D:2      | Reached skill level 4 in Long Blades
  1627 | D:3      | Noticed Natasha
  1632 | D:3      | Killed Natasha
  1633 | D:3      | Reached XP level 4. HP: 18/26 MP: 8/8
  1723 | D:3      | Noticed Terence
  1731 | D:3      | Killed Terence
  1732 | D:3      | Reached skill level 5 in Long Blades
  1885 | D:3      | Noticed Natasha
  1888 | D:3      | Killed Natasha
  1889 | D:3      | Gained mutation: Your magical nature lets you fly swiftly
                  | and evasively. [Tengu growth]
  1889 | D:3      | Reached XP level 5. HP: 30/30 MP: 9/9
  1902 | D:3      | Noticed Natasha
  1913 | D:3      | Killed Natasha
  1962 | D:3      | Found a glowing silver altar of Zin.
  1989 | D:3      | Reached skill level 6 in Long Blades
  2125 | D:3      | Learned a level 3 spell: Teleport Other
  2633 | D:4      | Noticed a phantom
  2668 | D:4      | Found a burning altar of Makhleb.
  2826 | D:4      | Killed a phantom
  2827 | D:4      | Reached XP level 6. HP: 29/35 MP: 10/10
  2972 | D:3      | Reached skill level 7 in Long Blades
  3603 | D:4      | Reached XP level 7. HP: 18/40 MP: 11/11
  4021 | D:5      | Entered Level 5 of the Dungeon
  4121 | D:5      | Reached skill level 8 in Long Blades
  4165 | D:5      | Noticed Edmund
  4179 | D:5      | Killed Edmund
  4180 | D:5      | Reached XP level 8. HP: 23/44 MP: 12/12
  4328 | D:5      | Found a sand-covered staircase.
  4353 | Ossuary  | Entered an ossuary
  4719 | D:5      | Noticed Menkaure
  4729 | D:5      | Slain by Menkaure

Illustrated notes

Levels and vault maps discovered:
D:1:      scummos_arrival_simple_fountains, layout_basic
D:2:      layout_basic, fountainhead, minivault_14
D:3:      layout_loops_cross, zin_academy, uniq_terence, uniq_natasha
D:4:      layout_rooms, bloody_makhleb, chequers_serial_rivers_micro_e,
          kennysheep_potato
D:5:      minmay_octagon_keep, layout_basic, enter_ossuary_5, goddamned_bats,
          uniq_duvessa, uniq_edmund, uniq_menkaure, uniq_ijyb

Skill      XL: |  1  2  3  4  5  6  7 |
---------------+----------------------+-----
Long Blades    | 3 4 5 6 7 8 |  8.0
Armour         | 2 3 4 |  4.8
Evocations     | 2 |  2.4
Fighting       | |  2.0
Axes           | |  0.1
Polearms       | |  0.1
Throwing       | |  1.0
Dodging        | |  2.1
Shields        | |  0.3
Spellcasting   | |  2.3
Conjurations   | |  0.1
Summonings     | |  0.1
Translocations | |  2.4
Fire Magic     | |  0.2
Poison Magic   | |  0.1
Invocations    | |  0.1

Action                   |  1- 3 |  4- 6 |  7- 9 || total
-------------------------+-------+-------+-------++-------
Melee: Falchion          |    55 |    24 |       ||    79
       Kick              |    15 |    36 |    22 ||    73
       Peck              |     4 |    16 |    16 ||    36
       Long sword        |       |    95 |    78 ||   173
       Punch             |       |     2 |     2 ||     4
Throw: Dart              |       |       |     4 ||     4
Evoke: Wand              |       |       |     4 ||     4
  Use: Scroll            |       |     1 |       ||     1
       Potion            |       |       |     1 ||     1
 Stab: Sleeping          |     1 |       |       ||     1
Armor: Leather armour    |     9 |    14 |       ||    23
       Ring mail         |       |    16 |    24 ||    40
Dodge: Dodged            |    22 |   107 |    36 ||   165

Table legend: (Time is in decaauts)
 A = Elapsed time spent in this place.
 B = Non-inter-level travel time spent in this place.
 C = Inter-level travel time spent in this place.
 D = Time resting spent in this place.
 E = Time spent auto-exploring this place.
 F = Levels seen in this place.
 G = Mean time per level.
                   A        B        C        D        E       F      G
               +--------+--------+--------+--------+--------+-----+--------+
         Total |   4624 |   4359 |    265 |    578 |   3023 |   6 |  770.7 |
       Dungeon |   4302 |   4037 |    265 |    547 |   2827 |   5 |  860.4 |
       Ossuary |    322 |    322 |      0 |     31 |    195 |   1 |  322.0 |
               +--------+--------+--------+--------+--------+-----+--------+

Top non-repeatable levels by time:
     D:3: 1738 daAuts
     D:1: 1042 daAuts
     D:4: 598 daAuts
     D:2: 573 daAuts
     D:5: 348 daAuts
 Ossuary: 322 daAuts
